 Dungeon Crawl Stone Soup version 0.30-a0-948-g4fa250aae5 (webtiles) character file.

Game seed: 13858202687382754593

73508 freelancePsychic the Bludgeoner (level 15, -13/139 HPs)
             Began as a Ghoul Artificer on Mar 26, 2023.
             Was a High Priest of Okawaru.
             Mangled by an orc warrior
             ... wielding a +0 long sword
              (16 damage)
             ... while paralysed by an orc sorcerer
             ... on level 2 of the Orcish Mines on Mar 27, 2023.
             The game lasted 00:42:26 (23878 turns).

freelancePsychic the Bludgeoner (Ghoul Artificer)  Turns: 23878, Time: 00:42:26

Health: -13/139    AC: 18    Str: 20    XL:     15   Next: 43%
Magic:  17/20      EV:  2    Int:  9    God:    Okawaru [*****.]
Gold:   1214       SH:  0    Dex: 13    Spells: 14/14 levels left

rFire   + . .      SeeInvis .    b - +8 eveningstar (spect)
rCold   + + +      Faith    .    i - +5 kite shield "Wiofuxig" {rC+}
rNeg    + + +      Spirit   .    r - +2 chain mail {rF+}
rPois   ∞          Reflect  +    f - +2 hat {Stlth+}
rElec   .          Rampage  .    u - +2 cloak {rCorr}
rCorr   +                        (no gloves)
Will    ++...                    (no boots) Stlth
                                 L - amulet of reflection
HPRegen 0.00/turn                w - ring of willpower
MPRegen 0.17/turn                J - ring of Zigaun {rC+ Int+3}

@: paralysed, finesse-ful, inhibited regen
A: claws 1, cold resistance 1, negative energy resistance 3, inhibited
regeneration, torment resistance 2, devour on kill
a: Renounce Religion, Heroism, Finesse, Duel


You were on level 2 of the Orcish Mines.
You worshipped Okawaru.
Okawaru was extremely pleased with you.
You visited 3 branches of the dungeon, and saw 18 of its levels.
You also visited: Ice Cave.

You collected 2047 gold pieces.
You spent 833 gold pieces at shops.

Inventory:

Hand Weapons
 a - a +3 eveningstar of draining
 b - a +8 spectral eveningstar (weapon)
 D - a +1 dagger of venom
Missiles
 I - 10 boomerangs
Armour
 f - a +2 hat of stealth (worn)
 i - the +5 kite shield "Wiofuxig" (worn) {rC+}
   (Okawaru gifted it to you on level 11 of the Dungeon)

   rC:        It protects you from cold.
 r - a +2 chain mail of fire resistance (worn)
 u - a +2 cloak of preservation (worn)
Jewellery
 t - a ring of protection from cold
 w - a ring of willpower (left claw)
 J - the ring of Zigaun (right claw) {rC+ Int+3}
   (You took it off an orc priest on level 8 of the Dungeon)

   [ring of protection from cold]

   Int:       It affects your intelligence (+3).
   rC:        It protects you from cold.
 L - an amulet of reflection (around neck)
Wands
 c - a wand of paralysis (1) (quivered)
 d - a wand of charming (15)
 e - a wand of iceblast (3)
 m - a wand of flame (10)
 o - a wand of mindburst (12)
 F - a wand of light (11)
 N - a wand of polymorph (6)
 O - a wand of digging (9)
Scrolls
 p - 3 scrolls of noise
 q - a scroll of magic mapping
 y - 3 scrolls of vulnerability
 B - 2 scrolls of immolation
 E - 3 scrolls of fog
 G - 5 scrolls of teleportation {@r4}
 M - a scroll of poison
 P - a scroll of brand weapon
 S - 3 scrolls of blinking
 T - a scroll of identify {@r1}
Potions
 g - 8 potions of flight
 h - 5 potions of mutation
 j - 2 potions of lignification
 k - 2 potions of cancellation
 l - a potion of might {unknown}
 n - 3 potions of attraction {unknown}
 s - 3 potions of haste {unknown}
 v - a potion of ambrosia
 x - 7 potions of curing {unknown}
 z - 3 potions of invisibility {unknown}
 A - 2 potions of degeneration {unknown}
 C - 6 potions of heal wounds {unknown}
 H - 6 potions of resistance
 K - a potion of brilliance {unknown}
 R - a potion of magic {unknown}


   Skills:
 + Level 14.7 Fighting
 - Level 16.0 Maces & Flails
 - Level 7.6 Armour
 - Level 6.0 Dodging
 - Level 3.0 Stealth
 + Level 8.1 Shields
 + Level 8.1 Invocations
 - Level 3.7 Evocations


You had 14 spell levels left.
You didn't know any spells.
Your spell library contained the following spells:

 Spells                   Type           Power      Damage    Failure   Level
 Apportation              Tloc           0%         N/A       100%        1
 Freeze                   Ice            0%         1d3       100%        1
 Magic Dart               Conj           0%         1d3       100%        1
 Necrotise                Necr           0%         1d4       100%        1
 Blink                    Tloc           0%         N/A       100%        2
 Searing Ray              Conj           0%         2d4       100%        2
 Frozen Ramparts          Ice            0%         1d1       100%        3
 Hailstorm                Conj/Ice       0%         3d3       100%        3
 Ozocubu's Armour         Ice            0%         N/A       100%        3
 Vhi's Electric Charge    Tloc/Air       0%         N/A       100%        3
 Airstrike                Air            0%         2d(0-16)  100%        4
 Fulminant Prism          Conj/Hex       0%         3d5       100%        4
 Manifold Assault         Tloc           0%         N/A       100%        4
 Passage of Golubria      Tloc           0%         N/A       100%        4
 Petrify                  Tmut/Erth      0%         N/A       100%        4
 Fireball                 Conj/Fire      0%         3d3       100%        5
 Freezing Cloud           Conj/Ice/Air   0%         6-21      100%        5
 Irradiate                Conj/Tmut      0%         3d11      100%        5
 Iskenderun's Battlesphe  Conj           0%         2d6       100%        5
 Metabolic Englaciation   Hex/Ice        0%         N/A       100%        5
 Plasma Beam              Fire/Air       0%         2x1d11    100%        5
 Yara's Violent Unravell  Hex/Tmut       0%         3d3       100%        5
 Conjure Ball Lightning   Conj/Air       0%         3x3d6     100%        6
 Eringya's Noxious Bog    Tmut/Pois      0%         N/A       100%        6
 Iron Shot                Conj/Erth      0%         9d1       100%        6
 Orb of Destruction       Conj           0%         9d5       100%        7
 Ozocubu's Refrigeration  Ice            0%         4d7       100%        7
 Polar Vortex             Ice            0%         N/A       100%        9
 Summon Small Mammal      Summ           Unusable   N/A       N/A         1
 Sublimation of Blood     Necr           Unusable   N/A       N/A         2
 Tukima's Dance           Hex            Unusable   N/A       N/A         3
 Summon Lightning Spire   Summ/Air       Unusable   N/A       N/A         4
 Spellforged Servitor     Conj/Summ      Unusable   N/A       N/A         7
 Storm Form               Tmut/Air       Unusable   N/A       N/A         7

Dungeon Overview and Level Annotations

Branches:
Dungeon (11/15)            Temple (0/1) D:6            Lair (5/5) D:10
 Shoals (0/4) Lair:2       Spider (0/4) Lair:2        Slime (0/5) Lair:5
    Orc (2/2) D:9             Elf (0/3) Orc:2         IceCv (visited)

Altars:
Ashenzari
Dithmenos
Fedhas
Gozag
Makhleb
Nemelex Xobeh
Okawaru
Vehumet
Wu Jian
Xom
Yredelemnul

Shops:
D:1 *!(*(   D:8 *   Orc:1 ?(!   Orc:2 (

Portals:
Hell: Lair:5

Annotations:
D:1 exclusion: gnoll
D:5 1 runed translucent door
D:8 2 transporters, cforsyth's ghost, novice OgSu
Lair:2 exclusion: oklob plant


Innate Abilities, Weirdness & Mutations

You are immune to poison.
You have sharp fingernails.
Your flesh is cold resistant. (rC+)
You are immune to negative energy. (rN+++)
You do not regenerate when monsters are visible.
You are immune to unholy pain and torment.
You thrive by killing the living.


Message History

The orc sorcerer points at you and mumbles some strange words.
You suddenly lose the ability to move!
The orc warrior hits you but does no damage.
Something hits you but does no damage.
The orc knight hits you with a +0 halberd!
Something hits you but does no damage. Something hits you but does no damage.
The orc warrior hits you from afar with a +0 halberd!
The orc warrior hits you with a +0 long sword!
Something hits you but does no damage.
The orc sorcerer hits you but does no damage.
The orc knight hits you with a +0 halberd!
You hear some strange, mumbled words.
Something tries to affect you, but you resist.
The orc hits you but does no damage.
The orc warrior hits you but does no damage.
The orc warrior hits you with a +0 long sword!
Something hits you but does no damage.
The orc sorcerer gestures at you while chanting.
The bolt of fire hits you. You resist.
The bolt of fire hits something!!
Reactivating autopickup.
The orc knight hits you with a +0 halberd.
The orc knight hits you with a +0 halberd.
The orc hits you with a +0 club.
* * * LOW HITPOINT WARNING * * *
The orc warrior hits you from afar with a +0 halberd!
* * * LOW HITPOINT WARNING * * *
The orc priest hits you with a +0 flail!
* * * LOW HITPOINT WARNING * * *
The orc warrior hits you but does no damage.
The orc sorcerer hits you but does no damage.
Something hits you but does no damage.
Deactivating autopickup; reactivate with Ctrl-A.
The orc high priest utters an invocation to Beogh.
The orc knight barely misses you. The orc hits you but does no damage.
The orc warrior hits you but does no damage.
The orc priest hits you with a +0 flail!
* * * LOW HITPOINT WARNING * * *
The orc warrior hits you with a +0 long sword!
You die...

.......#)))..$......#..
#...))#).####.....#. .
#...))####.∩#$...#.# ..
#8.).8# #...# ......
... #..)..##...# ......
#...#....)#...# .....
#...........# .....
###....{))).#### .....
......o@o))...8.. .....
......ooo........ .....
....4.oo......... .....
................. ....#
..............8.. ...#
###.........##### #.#
#........... ##
...#.....#...


You could see an orc knight, an orc high priest (strong), a rust devil
(summoned), an orc sorcerer (strong), 2 orc warriors, an orc priest (strong) and
an orc (strong).

Vanquished Creatures
  Gastronok (Lair:3)
  A frost giant (IceCv)
  An orc warlord (Orc:2)
  Josephine (D:10)
  4 hydras
  3 boulder beetles (D:11)
  A catoblepas (Lair:4)
  5 two-headed ogres
  12 death yaks
  Nergalle (Lair:1)
  Urug (D:10)
  A sun demon (Lair:5)
  2 skysharks
  Amaemon (Lair:1)
  Pikel (D:5)
  11 orc knights
  5 orc sorcerers
  A wizard (Lair:5)
  A manticore (D:11)
  A cyclops (D:11)
  8 elephants
  7 black mambas
  Joseph (D:9)
  An ice statue (IceCv)
  2 gargoyles
  6 orange demons
  13 cane toads
  6 komodo dragons
  13 rime drakes
  A red devil (Lair:5)
  7 trolls
  A hellwing (Lair:5)
  6 polar bears
  7 dream sheep (Lair:5)
  10 blink frogs
  A jumping spider (Lair:2)
  2 wyverns
  4 wraiths
  2 basilisks
  A redback (Lair:2)
  A golden eye (D:6)
  43 yaks
  3 steam dragons
  A vampire mosquito (D:5)
  5 wargs
  An acid dragon (D:9)
  3 hell hounds (Lair:5)
  14 water moccasins
  27 orc warriors
  A swamp drake (D:4)
  2 ice beasts
  2 ogres
  A black bear (D:8)
  20 wolves
  12 centaurs
  A phantom (D:7)
  2 lemures (D:5)
  3 kobold brigands
  8 bullfrogs
  4 gnoll sergeants
  8 scorpions
  5 wights
  9 killer bees
  2 electric eels
  9 howler monkeys
  3 jellies
  22 orc priests
  A gnoll bouda (D:10)
  10 hounds
  3 iguanas
  Terence (D:3)
  26 orc wizards
  6 hell rats (Lair:3)
  18 gnolls
  11 adders
  A white imp (D:8)
  An ufetubus (D:6)
  A worm (D:4)
  4 dart slugs
  74 orcs
  5 endoplasms
  6 giant cockroaches
  5 goblins
  4 hobgoblins
  9 jackals
  21 kobolds
  5 quokkas
  7 ball pythons
  7 bats
  3 frilled lizards
  6 rats
  2 butterflies (D:5)
603 creatures vanquished.

Vanquished Creatures (others)
  An orc wizard (Orc:2)
  2 kobolds (D:8)
  17 fungi
  89 plants
109 creatures vanquished.

Grand Total: 712 creatures vanquished

Notes
Turn   | Place    | Note
-------+----------+-------------------------------------------
     0 | D:1      | freelancePsychic the Ghoul Artificer began the quest for
                  | the Orb.
     0 | D:1      | Reached XP level 1. HP: 16/16 MP: 0/0
   172 | D:1      | Reached XP level 2. HP: 18/24 MP: 1/1
   321 | D:1      | Found Coeqoef's General Store.
   326 | D:1      | Found Ytup's Distillery.
   350 | D:1      | Found Pigenuu's Antique Weapon Shop.
   460 | D:1      | Found Jipnig's Weapon Shop.
   504 | D:1      | Found a faded altar of an unknown god.
   605 | D:1      | Found Beifuowkao's Assorted Antiques.
   611 | D:1      | Reached XP level 3. HP: 18/29 MP: 2/2
  1236 | D:2      | Reached skill level 1 in Maces & Flails
  1648 | D:2      | Reached XP level 4. HP: 18/37 MP: 3/3
  2374 | D:2      | Reached skill level 2 in Maces & Flails
  2894 | D:3      | Noticed Terence
  2895 | D:3      | Killed Terence
  2896 | D:3      | Reached XP level 5. HP: 45/45 MP: 4/4
  3313 | D:4      | Noticed Ijyb
  3342 | D:3      | Reached skill level 3 in Maces & Flails
  3701 | D:4      | Found an ornate altar of the Wu Jian Council.
  3703 | D:4      | Ijyb changed into Ijyb the swamp drake
  3703 | D:4      | Noticed Ijyb
  3714 | D:4      | Killed Ijyb the swamp drake
  3715 | D:4      | Reached XP level 6. HP: 52/52 MP: 5/5
  4285 | D:4      | Reached skill level 4 in Maces & Flails
  4326 | D:4      | Got the Tome of the Black Widow and the Atmosphere
  4355 | D:4      | Found an iron altar of Okawaru.
  4759 | D:4      | Became a worshipper of Warmaster Okawaru
  4773 | D:5      | Entered Level 5 of the Dungeon
  4818 | D:5      | Reached XP level 7. HP: 37/59 MP: 6/6
  5030 | D:4      | Reached skill level 1 in Invocations
  5189 | D:5      | Found a runed translucent door.
  5190 | D:5      | Noticed a vampire mosquito
  5210 | D:5      | Found a runed translucent door.
  5379 | D:5      | Noticed Pikel
  5383 | D:5      | Killed Pikel
  5383 | D:5      | Reached * piety under Okawaru
  5384 | D:5      | Reached skill level 5 in Fighting
  5384 | D:5      | Reached skill level 5 in Maces & Flails
  5384 | D:5      | Reached XP level 8. HP: 68/68 MP: 7/9
  5394 | D:5      | Reached ** piety under Okawaru
  5421 | D:5      | Reached skill level 6 in Maces & Flails
  5675 | D:5      | HP: 2/70 [scorpion (6)]
  5920 | D:5      | Reached skill level 7 in Maces & Flails
  5920 | D:5      | Reached XP level 9. HP: 75/75 MP: 11/11
  5980 | D:6      | Found a basalt altar of Yredelemnul.
  6178 | D:6      | Noticed Edmund
  6179 | D:6      | Edmund changed into Edmund the golden eye
  6179 | D:6      | Noticed Edmund
  6189 | D:6      | Killed Edmund the golden eye
  6459 | D:6      | Reached skill level 5 in Invocations
  6465 | D:6      | Reached *** piety under Okawaru
  6763 | D:6      | Found a staircase to the Ecumenical Temple.
  7533 | D:7      | Found a shadowy altar of Dithmenos.
  7587 | D:7      | Reached skill level 8 in Maces & Flails
  7885 | D:7      | Reached XP level 10. HP: 21/88 MP: 11/13
  8152 | D:7      | Reached skill level 9 in Maces & Flails
  8184 | D:7      | Found a broken altar of Ashenzari.
  9844 | D:8      | Identified the ring of Zigaun {rC+ Int+3}
 10186 | D:1      | Bought a runed eveningstar for 414 gold pieces
 10601 | D:8      | Reached skill level 1 in Dodging
 10685 | D:8      | Noticed cforsyth's ghost (novice OgSu)
 10688 | D:8      | Found a transporter.
 10693 | D:8      | Found a transporter.
 10876 | D:7      | Reached skill level 10 in Maces & Flails
 11108 | D:8      | Found Yhi Cass's Elemental Accessories.
 11291 | D:9      | Noticed Joseph
 11338 | D:9      | Killed Joseph
 11338 | D:9      | Reached **** piety under Okawaru
 11394 | D:9      | Noticed a two-headed ogre
 11409 | D:9      | Killed a two-headed ogre
 11525 | D:9      | Reached XP level 11. HP: 60/97 MP: 14/14
 11936 | D:9      | Found an opulent altar of Gozag.
 12009 | D:9      | Reached skill level 5 in Armour
 12020 | D:9      | Reached ***** piety under Okawaru
 12114 | D:9      | Found a staircase to the Orcish Mines.
 12226 | D:9      | Reached skill level 11 in Maces & Flails
 12474 | D:10     | Entered Level 10 of the Dungeon
 12508 | D:10     | Found a blossoming altar of Fedhas.
 13055 | D:10     | Found a shimmering altar of Xom.
 13061 | D:10     | Noticed a two-headed ogre
 13062 | D:10     | Noticed Josephine
 13082 | D:10     | Killed a two-headed ogre
 13183 | D:10     | Noticed Urug
 13461 | D:11     | Noticed a two-headed ogre
 13467 | D:11     | Killed a two-headed ogre
 13514 | D:11     | Reached skill level 10 in Fighting
 13656 | D:11     | Noticed a boulder beetle
 13675 | D:11     | Killed a boulder beetle
 13675 | D:11     | Identified the +5 kite shield "Wiofuxig" {rC+} (Okawaru
                  | gifted it to you on level 11 of the Dungeon)
 13675 | D:11     | Received a gift from Okawaru
 13676 | D:11     | Reached XP level 12. HP: 106/106 MP: 15/15
 14036 | D:11     | Noticed a boulder beetle
 14045 | D:11     | Killed a boulder beetle
 14046 | D:11     | Reached skill level 12 in Maces & Flails
 14175 | D:11     | Noticed a two-headed ogre
 14179 | D:11     | Noticed a boulder beetle
 14187 | D:11     | Killed a two-headed ogre
 14188 | D:11     | Reached skill level 5 in Dodging
 14195 | D:11     | Killed a boulder beetle
 14462 | D:10     | Killed Josephine
 14662 | D:10     | Noticed a two-headed ogre
 14671 | D:10     | Killed a two-headed ogre
 14708 | D:10     | Found a staircase to the Lair.
 14828 | D:10     | Found a sparkling altar of Nemelex Xobeh.
 14878 | D:10     | Killed Urug
 14896 | D:10     | Found a radiant altar of Vehumet.
 15184 | D:1      | Bought a runed cloak for 202 gold pieces
 15391 | Lair:1   | Entered Level 1 of the Lair of Beasts
 15395 | Lair:1   | Noticed Amaemon
 15404 | Lair:1   | Killed Amaemon
 15597 | Lair:1   | Noticed Nergalle
 15630 | Lair:1   | Killed Nergalle
 15900 | Lair:1   | Found a shimmering altar of Xom.
 16483 | Lair:1   | Reached skill level 13 in Maces & Flails
 16962 | Lair:2   | Found a hole to the Spider Nest.
 16983 | Lair:2   | Reached XP level 13. HP: 116/116 MP: 14/16
 17023 | Lair:2   | Found a frozen archway.
 17035 | IceCv    | Entered an ice cave
 17247 | IceCv    | Reached skill level 1 in Shields
 17740 | IceCv    | Reached skill level 14 in Maces & Flails
 17801 | IceCv    | Noticed a frost giant
 17826 | IceCv    | Killed a frost giant
 18011 | IceCv    | Got Gyapaps's Secrets of the Winter
 18211 | Lair:2   | Found a staircase to the Shoals.
 18223 | Lair:2   | Received a gift from Okawaru
 18838 | Lair:2   | Reached XP level 14. HP: 96/127 MP: 17/17
 19152 | Lair:2   | Reached skill level 15 in Maces & Flails
 19595 | Lair:3   | Reached skill level 5 in Shields
 19621 | Lair:3   | Noticed Gastronok
 19642 | Lair:3   | Killed Gastronok
 21157 | Lair:4   | You fall into a shaft and drop 1 floor!
 21157 | Lair:5   | Entered Level 5 of the Lair of Beasts
 21702 | Lair:5   | Reached ****** piety under Okawaru
 21779 | Lair:5   | Found a burning altar of Makhleb.
 21816 | Lair:5   | Received a gift from Okawaru
 21817 | Lair:5   | Reached skill level 16 in Maces & Flails
 21974 | Lair:5   | Found a gateway to Hell.
 22114 | Lair:5   | Found a shimmering altar of Xom.
 22265 | Lair:5   | Reached XP level 15. HP: 138/138 MP: 18/18
 22303 | Lair:5   | Found a staircase to the Slime Pits.
 22868 | Orc:1    | Entered Level 1 of the Orcish Mines
 23010 | Orc:2    | Entered Level 2 of the Orcish Mines
 23031 | Orc:1    | Found Beefejua's Magic Scroll Shop.
 23036 | Orc:1    | Bought a scroll of blinking for 112 gold pieces
 23036 | Orc:1    | Bought a scroll of teleportation for 45 gold pieces
 23036 | Orc:1    | Bought a scroll of poison for 60 gold pieces
 23102 | Orc:1    | Identified the +10 shortbow of Mastery {freeze, rCorr}
                  | (Okawaru gifted it to you on level 1 of the Orcish Mines)
 23102 | Orc:1    | Received a gift from Okawaru
 23329 | Orc:1    | Found Wawk's Weapon Shop.
 23329 | Orc:1    | Found Rineef's Distillery.
 23743 | Orc:2    | Found a staircase to the Elven Halls.
 23821 | Orc:2    | Noticed an orc warlord
 23834 | Orc:2    | Killed an orc warlord
 23863 | Orc:2    | Found Nusemu's Antique Weapon Shop.
 23874 | Orc:2    | Paralysed by an orc sorcerer for 4 turns
 23878 | Orc:2    | HP: 3/139 [orc priest/+0 flail (14)]
 23878 | Orc:2    | Mangled by an orc warrior

Illustrated notes

Levels and vault maps discovered:
D:1:      dpeg_arrival_round_c, layout_basic,
          shapermc_ecumenical_altar_mp_urbaneastern, serial_shops,
          nicolae_shop_stone, shop, nicolae_shop_bloodbath_and_beyond, shop,
          nicolae_shop_behind_doors
D:2:      layout_basic, mrwooster_statue_mirror
D:3:      layout_loops_ring, chequers_serial_rivers_room_b, minmay_vboxes,
          uniq_terence
D:4:      layout_layer_cave, mainiacjoe_overflow_alcove_1,
          nicolae_wu_jian_wuxing_cycle, cheibrodos_gnoll_hut, uniq_ijyb
D:5:      lemuel_insect_pit, layout_rooms, minivault_26,
          guppyfry_early_lair_pool, uniq_pikel
D:6:      layout_basic, mainiacjoe_overflow_small_starburst,
          minmay_temple_entry_poolview, uniq_edmund
D:7:      layout_layer_cave, nicolae_dithmenos_through_a_glass_darkly,
          minmay_ruined_shrine
D:8:      layout_gridville, gammafunk_ghost_arena, serial_bayou,
          serial_bayou_lagoon_a, serial_bayou_pond_a, serial_bayou_ford_a,
          serial_bayou_shore_b, nicolae_elemental_shop
D:9:      layout_roguey, lemuel_round_altar, erik_orc_2, uniq_joseph
D:10:     layout_cave_pools, fedhas_altar_2, nicolae_vehumet_radiance,
          nemelex_spade_bored_becter, lemuel_crystal_altar,
          erik_lair_orcish_takeover, uniq_urug, uniq_josephine
D:11:     layout_loops_ring
Lair:1:   layout_cellular_growth, lemuel_centaur_altar, grunt_megastairs_4,
          uniq_nergalle, uniq_amaemon
Lair:2:   layout_cave_pods, minmay_shoals_entry_centaurs, spider_nest_entry_a,
          portal_ice_cave_entry_pillars_1, serial_bayou_shore_b,
          serial_bayou_shore_b, lemuel_fruit_fields
Lair:3:   layout_roguey, serial_bayou_shore_a, uniq_gastronok
Lair:4:   layout_hall_layers
Lair:5:   evil_forest, layout_gridlike, dpeg_slime_entry_enclosed, basic_altar,
          st_stairs_7, lemuel_fruit_tree, infiniplex_staircase_pool_2
Orc:1:    layout_diamond_mine, basic_altar, serial_shops, shop,
          dreamdust_deal_with_the_devil, guppyfry_orc_lava_fort
Orc:2:    grunt_orc_cross, layout_caves, bh_open_orc_temple

Skill      XL: |  1  2  3  4  5  6  7  8  9 10 11 12 13 14 15 |
---------------+----------------------------------------------+-----
Stealth        | 2 3 |  3.0
Fighting       | 2 3 4 5 6 7 9 10 11 12 14 | 14.7
Maces & Flails | 1 2 3 4 5 7 8 10 11 13 14 16 | 16.0
Armour         | 2 4 6 7 |  7.6
Invocations    | 3 4 6 8 |  8.1
Dodging        | 2 4 6 |  6.0
Evocations     | 3 |  3.7
Shields        | 4 7 8 |  8.1

Action                     |  1- 3 |  4- 6 |  7- 9 | 10-12 | 13-15 || total
---------------------------+-------+-------+-------+-------+-------++-------
  Melee: Unarmed           |   192 |   165 |       |       |       ||   357
         Punch             |       |     2 |     6 |     7 |       ||    15
         Dagger            |       |    75 |    94 |    60 |       ||   229
         Whip              |       |       |   113 |       |       ||   113
         Flail             |       |       |   134 |    75 |       ||   209
         Eveningstar       |       |       |       |   503 |   885 ||  1388
   Fire: Sling             |    31 |     8 |       |       |       ||    39
 Invoke: Heroism           |       |       |     3 |    13 |     6 ||    22
         Finesse           |       |       |       |     2 |     3 ||     5
  Evoke: Wand              |     4 |    10 |    15 |    31 |     1 ||    61
    Use: Scroll            |     3 |     2 |     2 |    16 |    10 ||    33
         Potion            |       |       |     2 |     4 |       ||     6
   Stab: Sleeping          |     3 |     1 |       |       |       ||     4
         Invisible         |       |       |     1 |       |       ||     1
         Paralysed         |       |       |       |    12 |       ||    12
         Distracted        |       |       |       |       |     3 ||     3
 Armour: Leather armour    |    62 |    42 |       |       |       ||   104
         Chain mail        |       |   115 |   229 |   289 |   363 ||   996
  Dodge: Dodged            |   138 |   131 |   137 |   242 |   213 ||   861
  Block: Other             |       |       |       |    67 |     9 ||    76
         Reflection        |       |       |       |     4 |    22 ||    26
         Kite shield       |       |       |       |       |   729 ||   729

Table legend: (Time is in decaauts)
 A = Elapsed time spent in this place.
 B = Non-inter-level travel time spent in this place.
 C = Inter-level travel time spent in this place.
 D = Time resting spent in this place.
 E = Time spent auto-exploring this place.
 F = Levels seen in this place.
 G = Mean time per level.
                   A        B        C        D        E       F      G
               +--------+--------+--------+--------+--------+-----+--------+
         Total |  23848 |  22273 |   1575 |   2165 |  15492 |  19 | 1255.2 |
       Dungeon |  15579 |  14259 |   1320 |   1722 |   9620 |  11 | 1416.3 |
          Lair |   6253 |   6047 |    206 |    272 |   4599 |   5 | 1250.6 |
  Orcish Mines |    970 |    921 |     49 |    171 |    499 |   2 |  485.0 |
      Ice Cave |   1045 |   1045 |      0 |      0 |    774 |   1 | 1045.0 |
               +--------+--------+--------+--------+--------+-----+--------+

Top non-repeatable levels by time:
     D:7: 2116 daAuts
     D:6: 1937 daAuts
     D:9: 1883 daAuts
  Lair:1: 1561 daAuts
     D:4: 1523 daAuts
  Lair:2: 1484 daAuts
     D:2: 1356 daAuts
     D:8: 1306 daAuts
     D:1: 1268 daAuts
  Lair:3: 1260 daAuts
  Lair:5: 1179 daAuts
     D:5: 1177 daAuts
     D:3: 1103 daAuts
   IceCv: 1045 daAuts
    D:11: 1041 daAuts
